[gd_scene load_steps=7 format=2]

[ext_resource path="res://Assets/fonts/HeaderFont.tres" type="DynamicFont" id=1]
[ext_resource path="res://Assets/fonts/HUDFont.tres" type="DynamicFont" id=2]
[ext_resource path="res://Scripts/UI/HowToPlayBtn.gd" type="Script" id=3]
[ext_resource path="res://Scripts/UI/SelectLevelBtn.gd" type="Script" id=4]
[ext_resource path="res://Scripts/UI/NewGameBtn.gd" type="Script" id=5]
[ext_resource path="res://Scripts/UI/ExitGameBtn.gd" type="Script" id=6]

[node name="MainMenu" type="CanvasLayer"]

[node name="MarginContainer" type="MarginContainer" parent="."]
anchor_right = 1.0
anchor_bottom = 1.0
custom_constants/margin_right = 30
custom_constants/margin_top = 30
custom_constants/margin_left = 30
custom_constants/margin_bottom = 30
__meta__ = {
"_edit_use_anchors_": false
}

[node name="CenterContainer" type="CenterContainer" parent="MarginContainer"]
margin_left = 30.0
margin_top = 30.0
margin_right = 994.0
margin_bottom = 570.0
__meta__ = {
"_edit_use_anchors_": false
}

[node name="VBoxContainer" type="VBoxContainer" parent="MarginContainer/CenterContainer"]
margin_left = 191.0
margin_top = 164.0
margin_right = 772.0
margin_bottom = 375.0

[node name="Label" type="Label" parent="MarginContainer/CenterContainer/VBoxContainer"]
margin_right = 581.0
margin_bottom = 71.0
custom_fonts/font = ExtResource( 1 )
text = "NEOTSHLIFOVANI"
align = 1

[node name="CenterContainer" type="CenterContainer" parent="MarginContainer/CenterContainer/VBoxContainer"]
margin_top = 75.0
margin_right = 581.0
margin_bottom = 106.0

[node name="LinkButton" type="LinkButton" parent="MarginContainer/CenterContainer/VBoxContainer/CenterContainer"]
margin_left = 216.0
margin_right = 364.0
margin_bottom = 31.0
custom_fonts/font = ExtResource( 2 )
text = "NEW GAME"
underline = 1
script = ExtResource( 5 )

[node name="CenterContainer2" type="CenterContainer" parent="MarginContainer/CenterContainer/VBoxContainer"]
margin_top = 110.0
margin_right = 581.0
margin_bottom = 141.0

[node name="LinkButton2" type="LinkButton" parent="MarginContainer/CenterContainer/VBoxContainer/CenterContainer2"]
margin_left = 190.0
margin_right = 390.0
margin_bottom = 31.0
custom_fonts/font = ExtResource( 2 )
text = "SELECT LEVEL"
underline = 1
script = ExtResource( 4 )

[node name="CenterContainer4" type="CenterContainer" parent="MarginContainer/CenterContainer/VBoxContainer"]
margin_top = 145.0
margin_right = 581.0
margin_bottom = 176.0

[node name="LinkButton" type="LinkButton" parent="MarginContainer/CenterContainer/VBoxContainer/CenterContainer4"]
margin_left = 195.0
margin_right = 386.0
margin_bottom = 31.0
custom_fonts/font = ExtResource( 2 )
text = "HOW TO PLAY"
underline = 1
script = ExtResource( 3 )

[node name="CenterContainer3" type="CenterContainer" parent="MarginContainer/CenterContainer/VBoxContainer"]
margin_top = 180.0
margin_right = 581.0
margin_bottom = 211.0

[node name="LinkButton" type="LinkButton" parent="MarginContainer/CenterContainer/VBoxContainer/CenterContainer3"]
margin_left = 214.0
margin_right = 367.0
margin_bottom = 31.0
custom_fonts/font = ExtResource( 2 )
text = "EXIT GAME"
underline = 1
script = ExtResource( 6 )

[connection signal="pressed" from="MarginContainer/CenterContainer/VBoxContainer/CenterContainer/LinkButton" to="MarginContainer/CenterContainer/VBoxContainer/CenterContainer/LinkButton" method="_on_LinkButton_pressed"]
[connection signal="pressed" from="MarginContainer/CenterContainer/VBoxContainer/CenterContainer2/LinkButton2" to="MarginContainer/CenterContainer/VBoxContainer/CenterContainer2/LinkButton2" method="_on_LinkButton2_pressed"]
[connection signal="pressed" from="MarginContainer/CenterContainer/VBoxContainer/CenterContainer4/LinkButton" to="MarginContainer/CenterContainer/VBoxContainer/CenterContainer4/LinkButton" method="_on_LinkButton_pressed"]
[connection signal="pressed" from="MarginContainer/CenterContainer/VBoxContainer/CenterContainer3/LinkButton" to="MarginContainer/CenterContainer/VBoxContainer/CenterContainer3/LinkButton" method="_on_LinkButton_pressed"]
